 Dungeon Crawl Stone Soup version 0.19.4-8-ga85b6b9 (webtiles) character file.

4019 Naksu the Basher (level 10, -2/84 HPs)
             Began as a Minotaur Fighter on Feb 8, 2017.
             Was an Elder of Dithmenos.
             Killed from afar by Erica (28 damage)
             ... with a bolt of poison
             ... on level 8 of the Dungeon.
             The game lasted 00:24:14 (4801 turns).

Naksu the Basher (Minotaur Fighter)                 Turns: 4801, Time: 00:24:15

Health: -2/84      AC: 13    Str: 26    XL:     10   Next: 3%
Magic:  9/9        EV:  6    Int:  5    God:    Dithmenos [****..]
Gold:   425        SH: 11    Dex: 10    Spells: 0 memorised, 9 levels left

rFire  + . .     SeeInvis .     d - +8 mace "Killer Klown's Foe" {drain, +Blink +Rage}
rCold  . . .     Gourm    .     G - +0 plate armour
rNeg   . . .     Faith    .     c - +0 shield
rPois  .         Spirit   .     (helmet restricted)
rElec  .         Reflect  .     (no cloak)
rCorr  .         Harm     .     (no gloves)
MR     .....                    (no boots)
Stlth  ..........               (no amulet)
                                K - ring of protection from fire
                                i - +2 ring of strength

@: lethally poisoned (-2 -> -8), wreathed by umbra
A: retaliatory headbutt, horns 2
a: Shadow Step, Renounce Religion, Evoke Blink, Evoke Berserk Rage


You were on level 8 of the Dungeon.
You worshipped Dithmenos.
Dithmenos was greatly pleased with you.
You were hungry.

You visited 1 branch of the dungeon, and saw 8 of its levels.

You collected 425 gold pieces.

Inventory:

Hand Weapons
 a - a +0 trident
 d - the +8 mace "Killer Klown's Foe" (weapon) {drain, +Blink +Rage}
   (You found it on level 5 of the Dungeon)

   A truly terrible weapon, it drains the life of those it strikes.
   It lets you blink.
   It lets you go berserk.
 w - a +0 scythe
 x - a +0 battleaxe
 F - a +0 hand axe
 M - a cursed +1 spear
Missiles
 n - 2 tomahawks of returning (quivered)
Armour
 b - a +0 scale mail
 c - a +0 shield (worn)
 y - a +0 scale mail
 G - a +0 plate armour (worn)
Magical Staves
 Q - an uncursed staff of fire {unknown}
Jewellery
 i - a +2 ring of strength (left hand)
 t - a +3 ring of intelligence
 K - a ring of protection from fire (right hand)
 O - an uncursed ring of protection from magic
Wands
 H - a wand of lightning (8/15)
Scrolls
 e - 3 scrolls of identify
 g - 4 scrolls of teleportation {unknown}
 j - 3 scrolls of fog {unknown}
 m - 6 scrolls of enchant weapon
 o - 4 scrolls of remove curse {unknown}
 s - a scroll of blinking {unknown}
 u - a scroll of magic mapping {unknown}
 B - 3 scrolls of recharging {unknown}
 C - a scroll of enchant armour {unknown}
 E - a scroll of random uselessness {unknown}
 L - a scroll of immolation {unknown}
 P - a scroll of fear {unknown}
Potions
 h - 2 potions of lignification
 k - 2 potions of ambrosia {unknown}
 q - a potion of brilliance {unknown}
 v - a potion of resistance
 z - a potion of flight
 A - 2 potions of degeneration
 D - a potion of curing {unknown}
 I - a potion of agility {unknown}
 J - a potion of beneficial mutation {unknown}
 N - a potion of cancellation {unknown}
Comestibles
 f - 7 bread rations
 l - 3 meat rations
 r - 5 fruits


   Skills:
 + Level 6.8 Fighting
 - Level 6.9(9.8) Axes
 * Level 9.8(10.7) Maces & Flails
 + Level 4.6(6.4) Polearms
 + Level 8.1 Armour
 + Level 1.9 Dodging
 + Level 1.6 Stealth
 + Level 6.8 Shields
 + Level 0.8 Evocations


You had 9 spell levels left.
You didn't know any spells.

Dungeon Overview and Level Annotations

Branches:
Dungeon (8/15)             Temple (0/1) D:7
   Lair: D:8-11

Altars:
Dithmenos
Elyvilon
Nemelex Xobeh
Trog
Yredelemnul
Zin

Shops:
D:5 [   D:8 [

Annotations:
D:8 Erica


Innate Abilities, Weirdness & Mutations

You reflexively headbutt those who attack you in melee.
You have a pair of horns on your head.


Message History

The jelly is almost dead.
Your shadow hits the jelly with a mace.
Your shadow is burned by acid!
You block the jelly's attack. Something hits you but does no damage.
You bludgeon the jelly!!
You kill the jelly!
Dithmenos accepts your kill. Something hits you but does no damage.
You hear some strange, mumbled words.
Something tries to affect you, but you resist.
Something hits you but does no damage.
You hear some strange, mumbled words.
An orb of energy appears from out of thin air!
The orb of energy hits you!
You see here 9 gold pieces.
You hear some strange, mumbled words.
A bolt of poison appears from out of thin air!
The bolt of poison hits you!
You are poisoned.
You die...

#... #......# ...#
#...#####......# ...##
#...#.........###.....
#...+(................
#...#.................
#...#^................
#...#.................
#...)).....$..........
#....)....@...........
#######....#########........
........##...... #........
........##...O.. #........
........##.....g. #########
........######... ........+
.g. ........# .. ........#


There were no monsters in sight!

Vanquished Creatures
  The ghost of Jynx the Carver, a novice MiFi (D:8)
  A hill giant (D:7)
  A spriggan (D:7)
  Sigmund (D:3)
  4 yaks
  Menkaure (D:4)
  Duvessa (D:5)
  An ice beast (D:5)
  A necrophage (D:5)
  A black bear (D:7)
  3 ogres
  3 centaurs
  A crocodile (D:8)
  A big kobold (D:8)
  A gnoll sergeant (D:7)
  3 bullfrogs
  Dowan (D:5)
  A scorpion (D:5)
  A howler monkey (D:4)
  A crimson imp (D:5)
  2 jellies
  A hound (D:6)
  An orc wizard (D:5)
  4 orc priests
  An iguana (D:4)
  3 worker ants
  A hound zombie (D:5)
  A worker ant zombie (D:5)
  4 gnolls (D:7)
  6 adders
  5 river rats
  2 shadow imps
  An adder skeleton (D:7)
  A worm (D:4)
  2 dart slugs
  3 leopard geckos
  21 orcs
  4 giant cockroaches
  6 goblins
  8 hobgoblins
  5 jackals
  3 quokkas
  A ball python (D:5)
  4 bats
  A frilled lizard (D:3)
  15 kobolds
  A quokka skeleton (D:7)
  6 rats
  A spectral orc (D:4)
  5 plants (D:7)
148 creatures vanquished.

Notes
Turn   | Place    | Note
-------+----------+-------------------------------------------
     0 | D:1      | Naksu the Minotaur Fighter began the quest for the Orb.
     0 | D:1      | Reached XP level 1. HP: 19/19 MP: 0/0
   212 | D:1      | Reached XP level 2. HP: 10/27 MP: 1/1
   762 | D:2      | Found a white marble altar of Elyvilon.
   764 | D:2      | Found a sparkling altar of Nemelex Xobeh.
   843 | D:2      | Found a faded altar of an unknown god.
   865 | D:2      | Became a worshipper of Dithmenos the Shadowed
   865 | D:2      | Reached * piety under Dithmenos
  1139 | D:3      | Reached XP level 3. HP: 32/33 MP: 2/2
  1204 | D:3      | Noticed Sigmund
  1216 | D:3      | Killed Sigmund
  1216 | D:3      | Reached skill level 1 in Dodging
  1216 | D:3      | Reached skill level 5 in Shields
  1216 | D:3      | Reached XP level 4. HP: 34/40 MP: 3/3
  1216 | D:3      | Reached XP level 5. HP: 40/46 MP: 4/4
  1474 | D:3      | Reached ** piety under Dithmenos
  1652 | D:4      | Reached skill level 5 in Armour
  1700 | D:4      | Reached XP level 6. HP: 48/53 MP: 5/5
  1729 | D:4      | Reached skill level 1 in Axes
  1957 | D:4      | Noticed Menkaure
  1960 | D:4      | Killed Menkaure
  1970 | D:4      | Reached XP level 7. HP: 27/60 MP: 6/6
  2070 | D:4      | Found a basalt altar of Yredelemnul.
  2115 | D:4      | Found a bloodstained altar of Trog.
  2191 | D:5      | Entered Level 5 of the Dungeon
  2239 | D:5      | Reached skill level 5 in Fighting
  2299 | D:5      | Found Netomink's Armour Emporium.
  2336 | D:5      | Noticed Duvessa
  2336 | D:5      | Noticed Dowan
  2347 | D:5      | Killed Duvessa
  2347 | D:5      | Reached skill level 5 in Axes
  2373 | D:5      | Killed Dowan
  2373 | D:5      | Reached skill level 1 in Stealth
  2444 | D:5      | Got a slimy mace
  2445 | D:5      | Identified the +8 mace "Killer Klown's Foe" {drain, +Blink +Rage} (You found it on level 5 of the Dungeon)
  2560 | D:5      | Reached *** piety under Dithmenos
  2560 | D:5      | Reached XP level 8. HP: 33/67 MP: 7/7
  3022 | D:6      | Reached skill level 1 in Maces & Flails
  3347 | D:6      | Reached skill level 2 in Maces & Flails
  3447 | D:6      | Reached skill level 3 in Maces & Flails
  3545 | D:6      | Reached skill level 4 in Maces & Flails
  3549 | D:6      | Reached skill level 5 in Maces & Flails
  3627 | D:6      | Found a glowing silver altar of Zin.
  3852 | D:7      | Found a shadowy altar of Dithmenos.
  3855 | D:7      | Reached XP level 9. HP: 73/74 MP: 8/8
  3861 | D:7      | Reached skill level 6 in Maces & Flails
  3871 | D:7      | Reached **** piety under Dithmenos
  3902 | D:7      | Found a staircase to the Ecumenical Temple.
  4116 | D:7      | Reached skill level 7 in Maces & Flails
  4127 | D:7      | Found a bloodstained altar of Trog.
  4154 | D:7      | Noticed a hill giant
  4207 | D:7      | Killed a hill giant
  4207 | D:7      | Reached skill level 8 in Maces & Flails
  4667 | D:8      | Found Huadwopu's Armour Emporium.
  4667 | D:8      | Noticed Jynx's ghost (novice MiFi)
  4699 | D:8      | Reached skill level 9 in Maces & Flails
  4714 | D:8      | Killed Jynx's ghost
  4714 | D:8      | Reached XP level 10. HP: 30/84 MP: 9/9
  4775 | D:8      | Noticed Erica
  4801 | D:8      | Killed from afar by Erica

Skill      XL: |  1  2  3  4  5  6  7  8  9 |
---------------+----------------------------+-----
Armour         | 4 5 6 7 8 |  8.1
Shields        | 4 5 6 |  6.8
Fighting       | 4 5 6 |  6.8
Polearms       | 4 |  4.6
Dodging        | 1 |  1.9
Axes           | 3 6 |  6.9
Stealth        | 1 |  1.6
Maces & Flails | 5 9 |  9.8
Evocations     | |  0.8

Action                   |  1- 3 |  4- 6 |  7- 9 | 10-12 || total
-------------------------+-------+-------+-------+-------++-------
Melee: Trident           |    61 |       |       |       ||    61
       Headbutt          |     9 |    11 |    65 |     2 ||    87
       Battleaxe         |       |    50 |    77 |       ||   127
       Mace              |       |       |   207 |    22 ||   229
 Abil: Evoke Blink       |       |       |     2 |       ||     2
  Use: Potion            |       |       |     8 |     1 ||     9
       Scroll            |       |       |     4 |       ||     4
 Stab: Invisible         |       |       |     4 |       ||     4
  Eat: Chunk             |     1 |     1 |     1 |       ||     3
       Beef jerky        |       |     1 |     1 |       ||     2
       Fruit             |       |       |     1 |       ||     1
       Pizza             |       |       |     1 |       ||     1
       Bread ration      |       |       |     1 |       ||     1
Armor: Scale mail        |    40 |    27 |       |       ||    67
       Plate armour      |       |     3 |   130 |     9 ||   142
Dodge: Dodged            |    29 |    51 |    75 |     3 ||   158
Block: Shield            |    52 |       |    86 |     8 ||   146
